 Dungeon Crawl Stone Soup version 0.28-a0-683-ga8797d1ae1 (webtiles) character file.

Game seed: 14712243955893586459

735 runemasterragnar the Skirmisher (level 8, -13/61 HPs)
             Began as a Formicid Abyssal Knight on Oct 19, 2021.
             Was a Priest of Lugonu.
             Mangled by an ogre (31 damage)
             ... on level 5 of the Dungeon.
             The game lasted 00:09:20 (6764 turns).

runemasterragnar the Skirmisher (FoAK)              Turns: 6764, Time: 00:09:21

Health: -13/61     AC:  8    Str: 19    XL:     8   Next: 4%
Magic:  12/12      EV: 10    Int: 11    God:    Lugonu [***...]
Gold:   237        SH:  0    Dex: 11    Spells: 9/12 levels left

rFire   . . .      SeeInvis +   s - +0 war axe
rCold   . . .      Faith    .   (no shield)
rNeg    . . .      Spirit   .   t - +0 scale mail
rPois   .          Reflect  .   (helmet unavailable)
rElec   .          Harm     .   h - +0 cloak
rCorr   .          Rampage  .   (no gloves)
Will    .....                   (boots currently unavailable)
Stlth   ..........              (no amulet)
HPRegen 0.20/turn               (no ring)
MPRegen 0.13/turn               (no ring)

@: appendages (expiring)
A: talons 2, permanent stasis, dig shafts and tunnels, antennae 3, four strong
arms
a: Dig, Shaft Self, End Transformation, Renounce Religion, Depart the Abyss,
Bend Space, Banish


You were on level 5 of the Dungeon.
You worshipped Lugonu.
Lugonu was most pleased with you.
You had temporarily grown beastly talons.
You visited 1 branch of the dungeon, and saw 6 of its levels.
You visited the Abyss 1 time.

You collected 237 gold pieces.

Inventory:

Hand Weapons
 s - a +0 war axe (weapon)
Missiles
 u - a throwing net
Armour
 h - a +0 cloak (worn)
 i - a +0 ring mail
 l - a +0 plate armour
 t - a +0 scale mail (worn)
Scrolls
 a - 2 scrolls of vulnerability
 d - a scroll of fog {unknown}
 f - a scroll of noise
 k - 2 scrolls of torment
 m - 2 scrolls of teleportation
 o - a scroll of silence
 q - 2 scrolls of blinking
Potions
 b - a potion of might
 c - a potion of heal wounds
 g - a potion of degeneration


   Skills:
 + Level 4.8 Fighting
 + Level 4.1 Axes
 + Level 4.2 Armour
 - Level 1.4 Dodging
 + Level 2.7 Spellcasting
 * Level 4.5 Transmutations
 - Level 2.7 Invocations


You had 9 spell levels left.
You knew the following spells:

 Your Spells              Type           Power      Damage    Failure   Level
a - Beastly Appendage     Tmut           22%        N/A       12%         1
b - Wereblood             Tmut           11%        N/A       19%         2

Your spell library contained the following spells:

 Spells                   Type           Power      Damage    Failure   Level
 Spider Form              Tmut/Pois      3%         N/A       67%         3
 Sublimation of Blood     Necr           0%         N/A       75%         2
 Summon Hydra             Summ           0%         N/A       100%        7


Dungeon Overview and Level Annotations

Branches:
Dungeon (6/15)
 Temple: D:4-7

Altars:


Innate Abilities, Weirdness & Mutations

You have temporarily grown beastly talons.
You cannot be hasted, slowed, berserked, paralysed or teleported.
You can dig through walls and to a lower floor.
You have a pair of large antennae on your head. (SInv)
Your four strong arms can wield two-handed weapons with a shield.


Message History

You continue taking off your +0 ring mail. x4
You finish taking off your +0 ring mail.
You start putting on your armour.
You continue putting on your +0 scale mail. x5
You finish putting on your +0 scale mail.
Unknown command.
Casting: Beastly Appendage (safe; 12% risk of failure)
Confirm with . or Enter, or press ? or * to list all spells.
Okay, then.
There is an open door here.
An ogre comes into view. It is wielding a +0 giant spiked club.
An ogre is nearby!
An ogre is nearby!
Casting: Beastly Appendage (safe; 12% risk of failure)
Confirm with . or Enter, or press ? or * to list all spells.
Your feet morph into talons.
You barely miss the ogre. You claw the ogre, but do no damage.
The ogre hits you with a +0 giant spiked club!
You barely miss the ogre. You claw the ogre, but do no damage.
The ogre hits you with a +0 giant spiked club!!
You slash the ogre! Your kick misses the ogre.
The ogre is moderately wounded.
The ogre barely misses you.
You hit the ogre but do no damage.
The ogre is moderately wounded.
The ogre hits you with a +0 giant spiked club.
You hit the ogre but do no damage. Your kick misses the ogre.
The ogre is moderately wounded.
The ogre hits you with a +0 giant spiked club.
* * * LOW HITPOINT WARNING * * *
You barely miss the ogre.
The ogre is moderately wounded.
The ogre hits you with a +0 giant spiked club.
* * * LOW HITPOINT WARNING * * *
You slash the ogre! Your kick misses the ogre.
The ogre is severely wounded.
Your transformation is almost over.
The ogre hits you with a +0 giant spiked club!!
Ouch! That really hurt!
You die...

.######........#.........#####.#
#..............#.........# #.#
...............#.........# #.#
..............)#.........# #.#
...........#+###.....)...# #.#
....######## #.........# #.#
......... #.........# #.#
.#+###### ######.........# #.#
.# #....O@........# #.# (#
#.####.........# #.# .#
#.........# #.# ## #......####
#.# #......########.#
#......'........#
##......###########
.'......'..........
###......###########


You could see an ogre.

Vanquished Creatures
  An ogre (D:4)
  A phantom (D:5)
  A wyvern skeleton (D:5)
  A centaur zombie (D:5)
  2 bullfrog zombies
  A hound (D:5)
  A jelly (D:5)
  2 iguanas (D:5)
  Natasha (thrice) (D:2)
  2 orc wizards (D:3)
  3 gnolls (D:5)
  7 adders
  A worm (D:3)
  3 dart slugs
  10 orcs
  4 endoplasms
  2 giant cockroaches
  8 goblins
  5 hobgoblins
  4 jackals (D:1)
  8 quokkas
  9 ball pythons
  8 bats
  2 frilled lizards
  2 kobolds
  5 rats (D:1)
96 creatures vanquished.

Vanquished Creatures (others)
  3 withered plants (D:2)
3 creatures vanquished.

Grand Total: 99 creatures vanquished

Notes
Turn   | Place    | Note
-------+----------+-------------------------------------------
     0 | Abyss:1  | runemasterragnar the Formicid Abyssal Knight began the
                  | quest for the Orb.
     0 | Abyss:1  | Reached XP level 1. HP: 18/18 MP: 2/2
   114 | Abyss:1  | Noticed a hell knight
   115 | Abyss:1  | Noticed a necromancer
   117 | D:1      | Escaped the Abyss
   363 | D:1      | Reached skill level 1 in Dodging
   391 | D:1      | Reached XP level 2. HP: 23/24 MP: 3/3
   392 | D:1      | Reached * piety under Lugonu
   880 | D:1      | Reached XP level 3. HP: 21/29 MP: 4/4
  1295 | D:2      | Noticed Natasha
  1308 | D:2      | Killed Natasha
  1309 | D:2      | Reached XP level 4. HP: 3/36 MP: 4/6
  1321 | D:1      | Learned a level 1 spell: Beastly Appendage
  1324 | D:1      | Learned a level 2 spell: Wereblood
  1725 | D:2      | Noticed Natasha
  1766 | D:2      | Killed Natasha
  1767 | D:2      | Reached skill level 1 in Transmutations
  1871 | D:2      | Noticed Natasha
  1878 | D:2      | Killed Natasha
  1879 | D:2      | Reached XP level 5. HP: 29/42 MP: 5/7
  2198 | D:2      | Found a faded altar of an unknown god.
  2554 | D:2      | Reached skill level 1 in Spellcasting
  3056 | D:3      | Reached ** piety under Lugonu
  3205 | D:3      | Reached XP level 6. HP: 11/48 MP: 6/8
  4915 | D:4      | Noticed an ogre
  4923 | D:4      | Killed an ogre
  4924 | D:4      | Reached XP level 7. HP: 20/55 MP: 8/10
  5228 | D:5      | Entered Level 5 of the Dungeon
  6700 | D:5      | Reached *** piety under Lugonu
  6701 | D:5      | Reached XP level 8. HP: 59/61 MP: 12/12
  6764 | D:5      | Mangled by an ogre

Illustrated notes

Levels and vault maps discovered:
D:1:      lightli_iron_boxes, layout_basic, minmay_shallow_snake_nest
D:2:      layout_loops_ring, ebering_ecumenical_altar_petrified, uniq_natasha
D:3:      kennysheep_big_flooded_room, layout_loops_ring
D:4:      layout_gridville
D:5:      layout_basic
D:6:      layout_basic, mainiacjoe_overflow_big_doors, old_standard_altar,
          chequers_mini_garden, nrook_uturn, chequers_serial_rivers_micro_d,
          uniq_crazy_yiuf_cottage

Skill      XL: |  1  2  3  4  5  6  7 |
---------------+----------------------+-----
Dodging        | 1 |  1.4
Axes           | 3 4 |  4.1
Transmutations | 1 2 3 4 |  4.5
Armour         | 3 4 |  4.2
Spellcasting   | 1 2 |  2.7
Fighting       | 4 |  4.8
Invocations    | |  2.7

Action                   |  1- 3 |  4- 6 |  7- 9 || total
-------------------------+-------+-------+-------++-------
Melee: Hand axe          |    62 |   190 |       ||   252
       Kick              |       |    22 |     8 ||    30
       War axe           |       |    33 |   101 ||   134
 Cast: Beastly Appendage |       |    26 |     4 ||    30
       Wereblood         |       |     2 |       ||     2
Invok: Depart the Abyss  |     1 |       |       ||     1
 Abil: Dig               |       |       |     1 ||     1
  Use: Scroll            |       |       |     8 ||     8
       Potion            |       |       |     7 ||     7
Armor: Leather armour    |    20 |    73 |       ||    93
       Ring mail         |       |    11 |    52 ||    63
       Skin              |       |       |    13 ||    13
Dodge: Dodged            |    47 |   129 |    58 ||   234

Table legend: (Time is in decaauts)
 A = Elapsed time spent in this place.
 B = Non-inter-level travel time spent in this place.
 C = Inter-level travel time spent in this place.
 D = Time resting spent in this place.
 E = Time spent auto-exploring this place.
 F = Levels seen in this place.
 G = Mean time per level.
                   A        B        C        D        E       F      G
               +--------+--------+--------+--------+--------+-----+--------+
         Total |   6842 |   6709 |    133 |   1688 |   3980 |   7 |  977.4 |
       Dungeon |   6725 |   6592 |    133 |   1688 |   3904 |   6 | 1120.8 |
         Abyss |    117 |    117 |      0 |      0 |     76 |   1 |  117.0 |
               +--------+--------+--------+--------+--------+-----+--------+

Top non-repeatable levels by time:
     D:5: 1532 daAuts
     D:1: 1450 daAuts
     D:2: 1379 daAuts
     D:3: 1281 daAuts
     D:4: 1046 daAuts
 Abyss:1: 117 daAuts
     D:6: 34 daAuts
